 Dungeon Crawl Stone Soup version 0.20.1-1-g8b1a95d (webtiles) character file.

2203 Knicklaso the Chiller (level 9, -11/67 HPs)
             Began as a Ghoul Ice Elementalist on July 21, 2017.
             Was an Initiate of Ashenzari.
             Mangled by a cyan ugly thing (13 damage)
             ... on level 7 of the Dungeon.
             The game lasted 00:35:03 (6940 turns).

Knicklaso the Chiller (Ghoul Ice Elementalist)      Turns: 6940, Time: 00:35:04

Health: -11/67     AC: 13    Str: 12    XL:     9   Next: 34%
Magic:  11/15      EV: 12    Int: 13    God:    Ashenzari [......]
Gold:   313        SH:  7    Dex:  9    Spells: 14/18 levels left

rFire    . . .     SeeInvis .   D - +7 club
rCold    + . .     Gourm    .   e - +0 buckler
rNeg     + + +     Faith    .   n - +0 robe
rPois    ∞         Spirit   .   h - +2 hat
rElec    .         Reflect  +   q - +2 cloak
rCorr    .         Harm     .   (no gloves)
MR       .....                  (no boots)
Stlth    ++........             i - +3 amulet of reflection
Regen    0.0/turn               (no ring)
MPRegen  0.2/turn               (no ring)

@: icy armour, rotting, slow
A: rotting body, claws 1, carnivore 3, cold resistance 1, negative energy
resistance 3, inhibited regeneration, torment resistance, unbreathing
a: Curse Item, Renounce Religion


You were on level 7 of the Dungeon.
You worshipped Ashenzari.
Ashenzari was noncommittal.
You were not hungry.

You visited 1 branch of the dungeon, and saw 7 of its levels.

You collected 313 gold pieces.

Inventory:

Hand Weapons
 p - a +3 quarterstaff of chaos
 D - a +7 club (weapon)
Armour
 e - a +0 buckler (worn)
 h - a +2 hat (worn)
 n - a +0 robe (worn)
 q - a +2 cloak (worn)
 w - a +0 pair of boots
Jewellery
 i - a +3 amulet of reflection (around neck)
 o - an uncursed amulet of regeneration
Wands
 y - a wand of polymorph (13/24)
Scrolls
 d - 2 scrolls of magic mapping
 f - a scroll of identify
 g - 3 scrolls of teleportation
 j - a scroll of enchant armour {unknown}
 l - 2 scrolls of amnesia
 x - a scroll of remove curse
 B - 2 scrolls of immolation {unknown}
 F - 2 scrolls of fog {unknown}
 G - 2 scrolls of recharging {unknown}
Potions
 a - a potion of magic {unknown}
 k - a potion of invisibility {unknown}
 m - a potion of curing {unknown}
 r - 2 potions of heal wounds
 t - 2 potions of brilliance {unknown}
 u - a potion of mutation {unknown}
 v - 2 potions of cancellation {unknown}
 z - a potion of might {unknown}
 A - a potion of agility {unknown}
 C - a potion of flight {unknown}
Books
 b - a book of Frost

   Spells                             Type                      Level
   a - Freeze                         Ice                          1
   b - Throw Frost                    Conjuration/Ice              2
   c - Ozocubu's Armour               Charms/Ice                   3
   d - Throw Icicle                   Conjuration/Ice              4
   e - Summon Ice Beast               Ice/Summoning                4
Comestibles
 c - 4 meat rations
 s - 3 royal jellies
 E - 2 chunks of flesh


   Skills:
 + Level 1.6 Fighting
 - Level 4.0 Staves
 + Level 2.2 Dodging
 - Level 2.1 Stealth
 - Level 4.3 Shields
 - Level 5.0 Spellcasting
   Level 0.7 Conjurations
 - Level 4.2 Charms
 + Level 7.3 Ice Magic


You had 14 spell levels left.
You knew the following spells:

 Your Spells              Type           Power        Failure   Level  Hunger
a - Freeze                Ice            ###.         1%          1    None
b - Ozocubu's Armour      Chrm/Ice       ###.....     4%          3    ###....


Dungeon Overview and Level Annotations

Branches:
Dungeon (6/15)             Temple (0/1) D:5

Altars:
Ashenzari
Fedhas
Gozag
Hepliaklqana
Ru
Sif Muna
Yredelemnul
Zin
The Shining One

Shops:
D:4 (


Innate Abilities, Weirdness & Mutations

Your body is rotting away.
You thrive on raw meat.
You are immune to poison.
You have sharp fingernails.
You are carnivorous and can eat meat at any time.
Your flesh is cold resistant. (rC+)
You are immune to negative energy. (rN+++)
You do not regenerate when monsters are visible.
You are immune to unholy pain and torment.
You can survive without breathing.


Message History

Aiming: Freeze
Press: ? - help, Shift-Dir - straight line, f - cyan ugly thing
Aim: a cyan ugly thing You freeze the cyan ugly thing.
The cyan ugly thing is lightly wounded.
The cyan ugly thing engulfs you. The cyan ugly thing shocks you!
You closely miss the cyan ugly thing.
The cyan ugly thing is lightly wounded.
The cyan ugly thing misses you. The cyan ugly thing engulfs you!
The cyan ugly thing shocks you!
You barely miss the cyan ugly thing.
The cyan ugly thing is lightly wounded.
The cyan ugly thing engulfs you.
* * * LOW HITPOINT WARNING * * *
The cyan ugly thing shocks you!
* * * LOW HITPOINT WARNING * * *
Casting: Freeze
Confirm with . or Enter, or press ? or * to list all spells.
A film of ice covers your body! The cyan ugly thing engulfs you!
You die...

#### ### ###
###...##.# ##.##
...#....#####.#.##
#...#.......###.#
#.###..#@..####.#.##
.......u....# ##.###
#.####.#...## #...#
#.##.## ###.# #. #.#
#.# .. #.# #.# ##
#+# ##.## #...#
#...#


You could see a cyan ugly thing.

Vanquished Creatures
  Grinder (D:3)
  Edmund (D:5)
  An ice beast (D:5)
  2 sky beasts
  2 ogres
  2 centaurs
  2 big kobolds (D:3)
  A water moccasin skeleton (D:6)
  A scorpion (D:5)
  3 wights (D:6)
  A hound (D:4)
  A jelly (D:6)
  7 orc priests
  6 orc wizards
  A bullfrog skeleton (D:5)
  2 centaur skeletons
  Crazy Yiuf (D:2)
  Jessica (D:3)
  Ijyb (D:3)
  Terence (D:3)
  2 worker ants
  A worker ant zombie (D:6)
  Robin (D:3)
  6 adders
  4 gnolls (D:5)
  2 shadow imps (D:5)
  3 worms
  2 dart slugs
  A leopard gecko (D:2)
  27 orcs
  3 giant cockroaches
  9 goblins
  11 hobgoblins
  2 jackals (D:4)
  3 quokkas
  3 ball pythons
  6 bats
  6 frilled lizards
  A jackal zombie (D:6)
  14 kobolds
  A quokka zombie (D:4)
  9 rats
155 creatures vanquished.

Vanquished Creatures (others)
  An orc (D:6)
1 creature vanquished.

Grand Total: 156 creatures vanquished

Notes
Turn   | Place    | Note
-------+----------+-------------------------------------------
     0 | D:1      | Knicklaso the Ghoul Ice Elementalist began the quest for the Orb.
     0 | D:1      | Reached XP level 1. HP: 14/14 MP: 2/2
   325 | D:1      | Reached XP level 2. HP: 14/20 MP: 2/4
   925 | D:1      | Reached XP level 3. HP: 16/26 MP: 0/5
   982 | D:1      | Reached skill level 4 in Ice Magic
  1313 | D:2      | Found a blossoming altar of Fedhas.
  1579 | D:2      | Found a runed door.
  1599 | D:2      | Noticed Crazy Yiuf
  1613 | D:2      | Killed Crazy Yiuf
  1613 | D:2      | Reached XP level 4. HP: 14/32 MP: 0/7
  1693 | D:2      | Learned a level 3 spell: Ozocubu's Armour
  1733 | D:2      | Found a basalt altar of Yredelemnul.
  2025 | D:3      | Found an opulent altar of Gozag.
  2055 | D:3      | Reached skill level 1 in Staves
  2055 | D:3      | Reached skill level 1 in Shields
  2064 | D:3      | Noticed Robin
  2087 | D:3      | Reached XP level 5. HP: 33/38 MP: 5/8
  2105 | D:3      | Killed Robin
  2196 | D:3      | Noticed Terence
  2197 | D:3      | Noticed Ijyb
  2216 | D:3      | Killed Terence
  2310 | D:3      | Killed Ijyb
  2500 | D:3      | Reached XP level 6. HP: 31/45 MP: 9/9
  2515 | D:3      | Found a hazy altar of Hepliaklqana.
  2605 | D:3      | Noticed Grinder
  2625 | D:3      | Paralysed by Grinder for 4 turns
  2696 | D:3      | Paralysed by Grinder for 2 turns
  2700 | D:3      | Paralysed by Grinder for 5 turns
  2706 | D:3      | Killed Grinder
  2706 | D:3      | Reached XP level 7. HP: 34/50 MP: 8/10
  2789 | D:3      | Noticed Jessica
  2796 | D:3      | Killed Jessica
  3582 | D:4      | Found a sacrificial altar of Ru.
  3744 | D:4      | Found a glowing silver altar of Zin.
  3749 | D:4      | Found a deep blue altar of Sif Muna.
  3794 | D:4      | Found Esyonemu's Weapon Emporium.
  4009 | D:4      | Reached skill level 1 in Charms
  4283 | D:5      | Entered Level 5 of the Dungeon
  4362 | D:5      | Reached skill level 5 in Ice Magic
  4367 | D:5      | Reached XP level 8. HP: 38/57 MP: 11/11
  4374 | D:5      | Noticed Edmund
  4616 | D:5      | Killed Edmund
  4674 | D:5      | Found a transporter.
  4680 | D:5      | Found a transporter.
  4739 | D:5      | Found a shattered altar of Ashenzari.
  4853 | D:5      | Became a worshipper of Ashenzari the Shackled
  5182 | D:5      | Found a shattered altar of Ashenzari.
  5358 | D:5      | Found a glowing golden altar of the Shining One.
  5417 | D:5      | Found a staircase to the Ecumenical Temple.
  5664 | D:5      | Reached skill level 6 in Ice Magic
  6318 | D:6      | Reached XP level 9. HP: 15/62 MP: 9/15
  6533 | D:6      | Reached skill level 5 in Spellcasting
  6533 | D:6      | Reached skill level 7 in Ice Magic
  6683 | D:6      | Reached skill level 1 in Fighting
  6841 | D:6      | You fall through a shaft!
  6934 | D:7      | Noticed a cyan ugly thing
  6939 | D:7      | HP: 2/67 [cyan ugly thing (17)]
  6940 | D:7      | Mangled by a cyan ugly thing

Skill      XL: |  1  2  3  4  5  6  7  8  9 |
---------------+----------------------------+-----
Spellcasting   | 2 3 4 5 |  5.0
Ice Magic      | 4 5 6 7 |  7.3
Staves         | 1 2 3 4 |  4.0
Shields        | 1 2 3 4 |  4.3
Charms         | 1 3 4 |  4.2
Fighting       | 1 |  1.6
Dodging        | 2 |  2.2
Stealth        | |  2.1
Conjurations   | |  0.7

Action                   |  1- 3 |  4- 6 |  7- 9 || total
-------------------------+-------+-------+-------++-------
Melee: Unarmed           |    22 |       |       ||    22
       Quarterstaff      |       |    82 |    83 ||   165
       Club              |       |       |   300 ||   300
 Cast: Freeze            |    51 |    51 |    29 ||   131
       Ozocubu's Armour  |       |     1 |    11 ||    12
Evoke: Wand              |       |       |    15 ||    15
  Use: Scroll            |       |       |    10 ||    10
       Potion            |       |       |     1 ||     1
 Stab: Sleeping          |     1 |     2 |     1 ||     4
  Eat: Chunk             |     4 |    13 |    45 ||    62
Armor: Robe              |    11 |    23 |   137 ||   171
Dodge: Dodged            |    46 |    53 |   195 ||   294
Block: Other             |     1 |     7 |     9 ||    17
       Reflection        |       |     1 |     7 ||     8
       Buckler           |       |       |   115 ||   115
